Map: Bridgehead LE (Void)

Players

Schmonsi

  • Race: Zerg Zerg
  • League: Silver

wabbajack - Winner!

  • Race: Zerg Zerg
  • League: Gold

VOD

Have the link to the VOD?

Description

Time

  • Played on: July 20, 2015, 10:11 a.m.
  • Length: 5:53
Show
View Real Time Build Order
Export as new Build Order

Schmonsi Zerg 

Build Orders: Hatch First 

Get SALT Encoding   

  12  0:02  Drone  
  13  0:08  Drone  
  14  0:17  Overlord  
  14  0:37  Drone x3  
  17  0:56  Drone  
  18  0:58  Hatchery  
  18  1:01  Drone  
  18  1:10  Drone  
  19  1:20  Drone  
  19  1:24  Spawning Pool  
  19  1:31  Drone  
  20  1:34  Extractor  
  19  1:42  Overlord  
  19  1:53  Drone  
  20  2:03  Drone  
  21  2:11  Queen x2  
  21  2:13  Drone  
  21  2:14  Drone  
  27  2:21  Drone  
  28  2:25  Drone  
  29  2:31  Drone  
  29  2:36  Drone  
  31  2:39  Metabolic Boost  
  31  2:42  Drone  
  32  2:46  Drone  
  32  2:47  Queen  
  35  2:52  Overlord  
  35  2:57  Overlord  
  35  3:08  Drone  
  35  3:09  Overlord  
  35  3:10  Queen  
  38  3:14  Drone  
  38  3:19  Drone  
  40  3:21  Drone x2  
  40  3:22  Drone x5  
  47  3:28  Drone  
  48  3:50  Evolution Chamber  
  48  3:51  Evolution Chamber  
  48  3:52  Extractor  
  48  3:53  Lair, Extractor  
  48  3:54  Drone x2  
  46  3:56  Extractor  
  45  4:04  Drone  
  45  4:06  Zergling x12  
  45  4:07  Zergling x2  
  53  4:16  Drone  
  54  4:21  Drone  
  54  4:22  Drone x3  
  58  4:33  Hatchery  
  58  4:38  Drone x3  
  60  4:45  Overlord x3  
  60  4:46  Overlord  
  60  4:56  Spine Crawler  
  60  4:59  Spine Crawler  
  58  5:00  Spine Crawler  
  57  5:07  Drone x2, Spine Crawler  
  57  5:11  Zergling x6  
  57  5:13  Zergling x2  
  62  5:21  Zergling x12  
  60  5:22  Zergling x2  
  60  5:27  Zergling x2  
  63  5:29  Zergling x2  
  63  5:30  Zergling x2  
Show
View Real Time Build Order
Export as new Build Order

wabbajack Zerg - Winner!

Build Orders: Hatch First, Ravager All-In 

Get SALT Encoding   

  12  0:00  Drone  
  13  0:20  Overlord  
  13  0:24  Drone  
  13  0:27  Extractor  
  13  0:29  Drone, Extractor  
  13  0:32  Drone  
  16  0:42  Drone  
  17  0:57  Hatchery  
  16  1:05  Extractor  
  16  1:06  Drone  
  16  1:07  Drone  
  17  1:22  Spawning Pool  
  17  1:25  Drone x2  
  18  1:37  Drone  
  19  1:51  Overlord  
  19  2:00  Drone  
  20  2:08  Queen  
  20  2:10  Metabolic Boost  
  22  2:34  Spine Crawler  
  22  2:35  Drone x5  
  22  2:36  Drone  
  27  2:40  Roach Warren  
  27  2:43  Extractor  
  25  2:45  Queen  
  27  2:54  Drone x2  
  29  3:00  Overlord  
  29  3:03  Overlord  
  29  3:14  Drone x2  
  29  3:17  Drone  
  32  3:32  Roach  
  32  3:33  Roach  
  36  3:34  Roach x3  
  42  3:57  Roach x5  
  42  4:00  Overlord x2  
  52  4:17  Drone, Spine Crawler  
  52  4:25  Zergling x8  
  52  4:26  Zergling x4  
  52  4:31  Overlord  
  58  4:43  Ravager x2  
  58  4:44  Ravager x3  
  63  4:50  Zergling x6  
  63  4:51  Zergling x10  
  71  5:08  Overlord  
  71  5:09  Zergling x6  
  71  5:10  Zergling x4  
Tags
 
Add a new tag
Caveats
  • Supply blocks, unpowered buildings, or Contaminate may cause inaccurate times.
  • Supply counts are checked every 10 seconds.